 Dungeon Crawl Stone Soup version 0.25-a0-287-g56a5b49892 (webtiles) character file.

Game seed: 3054156734947755806, levelgen mode: deterministic

23266 floatRand the Cleaver (level 13, 0/87 HPs)
             Began as a Formicid Fighter on Dec 12, 2019.
             Was a High Priest of Nemelex Xobeh.
             Killed from afar by a molten gargoyle (21 damage)
             ... with a bolt of magma
             ... on level 1 of the Lair of Beasts.
             The game lasted 00:24:13 (14070 turns).

floatRand the Cleaver (Formicid Fighter)           Turns: 14070, Time: 00:24:14

Health: 0/87       AC: 13    Str: 26    XL:     13   Next: 33%
Magic:  21/21      EV: 11    Int: 13    God:    Nemelex Xobeh [*****.]
Gold:   373        SH: 14    Dex: 18    Spells: 12/12 levels left

rFire    . . .     SeeInvis +   z - +6 mace of Valour {freeze, rPois}
rCold    . . .     Gourm    .   c - +0 shield
rNeg     + . .     Faith    .   O - +0 acid dragon scales
rPois    +         Spirit   .   (helmet unavailable)
rElec    .         Reflect  .   D - scarf {repulsion}
rCorr    +         Harm     .   B - +0 pair of gloves
MR       +....                  J - +0 pair of boots of Minor Irritation {Dex+4 Slay+3}
Stlth    +++++.....             y - amulet "Qasowk" {Acrobat Str+6 Int+3}
HPRegen  0.24/turn              r - +4 ring of protection
MPRegen  0.17/turn              t - ring of positive energy

@: repel missiles
A: permanent stasis, dig shafts and tunnels, four strong arms, antennae 3
a: Dig, Shaft Self, Draw Escape, Draw Destruction, Draw Summoning, Triple Draw,
Deal Four, Stack Five, Renounce Religion


You were on level 1 of the Lair of Beasts.
You worshipped Nemelex Xobeh.
Nemelex Xobeh was extremely pleased with you.
You were very hungry.

You visited 2 branches of the dungeon, and saw 12 of its levels.
You also visited: Gauntlet.

You collected 806 gold pieces.
You spent 433 gold pieces at shops.

Inventory:

Hand Weapons
 a - a +0 war axe
 d - a +2 mace of protection
 j - the +12 hunting sling "Kugikloz" {velocity, Int+4, unknown}
   (You found it on level 7 of the Dungeon)

   Any stone fired from it inflicts extra damage.
   It affects your intelligence (+4).
 z - the +6 mace of Valour (weapon) {freeze, rPois}
   (You found it on level 6 of the Dungeon)

   It has been specially enchanted to freeze those struck by it, causing extra
   injury to most foes and up to half again as much damage against particularly
   susceptible opponents.
   It can also slow down cold-blooded creatures.
   It protects you from poison.
Armour
 c - a +0 shield (worn)
 g - the +1 leather armour of Pathos {rPois Int+5 Dex-3}
   (You found it on level 9 of the Dungeon)

   It affects your intelligence (+5).
   It affects your dexterity (-3).
   It protects you from poison.
 B - a +0 pair of gloves (worn)
 D - a scarf of repulsion (worn)
 J - the +0 pair of boots of Minor Irritation (worn) {Dex+4 Slay+3}
   (You bought it in a shop on level 6 of the Dungeon)

   It affects your dexterity (+4).
   It affects your accuracy and damage with ranged weapons and melee attacks
   (+3).
 N - a +0 pair of boots of flying
 O - +0 acid dragon scales (worn)
 Q - +0 fire dragon scales
Jewellery
 o - an uncursed ring of positive energy
 r - a +4 ring of protection (left hand)
 t - a ring of positive energy (right hand)
 x - an uncursed ring of ice {unknown}
 y - the amulet "Qasowk" (around neck) {Acrobat Str+6 Int+3}
   (You found it in a Gauntlet)

   [amulet of the acrobat]

   It helps you evade while moving and waiting.
   It affects your strength (+6).
   It affects your intelligence (+3).
 A - an uncursed amulet of regeneration
 F - a cursed ring of teleportation {unknown}
 H - the amulet of the Serpent {+Rage MR+}
   (You took it off a minotaur in a Gauntlet)

   [amulet of rage]

   It affects your resistance to hostile enchantments.
   It lets you go berserk.
 M - the ring "Ymiup" {rPois Str-2 Int+8 Dex-5 Stlth+}
   (You took it off an orc on level 11 of the Dungeon)

   [ring of stealth]

   It affects your strength (-2).
   It affects your intelligence (+8).
   It affects your dexterity (-5).
   It protects you from poison.
   It makes you more stealthy.
 P - an uncursed ring of protection from cold
Wands
 b - a wand of paralysis (2)
 n - a wand of iceblast (7)
 w - a wand of disintegration (17)
 E - a wand of digging (7)
 S - a wand of random effects (20)
Scrolls
 e - 6 scrolls of remove curse
 k - a scroll of amnesia
 s - 2 scrolls of fear
 C - a scroll of enchant armour
 G - a scroll of silence
 L - 3 scrolls of enchant weapon
Potions
 h - 2 potions of mutation
 i - 5 potions of brilliance
 l - 2 potions of flight
 m - a potion of heal wounds
 p - 3 potions of ambrosia
 q - 4 potions of curing
 u - 2 potions of resistance {unknown}
 v - a potion of haste {unknown}
 I - 3 potions of agility {unknown}
 K - 2 potions of magic {unknown}
 R - a potion of might
Comestibles
 f - 14 rations


   Skills:
 + Level 3.6 Fighting
 * Level 13.5 Axes
 + Level 3.6 Armour
 + Level 1.1 Dodging
 - Level 12.2 Stealth
 - Level 11.8 Shields
 + Level 11.1 Invocations


You had 12 spell levels left.
You didn't know any spells.
Your spell library contained the following spells:

 Spells                   Type           Power        Failure   Level  Hunger
 Animate Skeleton         Necr           N/A          36%         1    ##.....
 Apportation              Tloc           #.....       36%         1    ##.....
 Confusing Touch          Hex            #.....       36%         1    ##.....
 Corona                   Hex            #......      36%         1    ##.....
 Freeze                   Ice            #...         36%         1    ##.....
 Infusion                 Chrm           #...         36%         1    ##.....
 Magic Dart               Conj           #...         36%         1    ##.....
 Summon Small Mammal      Summ           #...         36%         1    ##.....
 Call Imp                 Summ           #.......     50%         2    ###....
 Ensorcelled Hibernation  Hex/Ice        #.....       50%         2    ###....
 Slow                     Hex            #.......     50%         2    ###....
 Song of Slaying          Chrm           #.......     50%         2    ###....
 Swiftness                Chrm/Air       #.......     50%         2    ###....
 Confuse                  Hex            #.......     73%         3    ####...
 Conjure Flame            Conj/Fire      #.......     73%         3    ####...
 Dazzling Flash           Conj/Hex       #.....       73%         3    ####...
 Mephitic Cloud           Conj/Pois/Air  #.......     73%         3    ####...
 Ozocubu's Armour         Chrm/Ice       #.......     73%         3    ####...
 Tukima's Dance           Hex            #.......     73%         3    ####...
 Hailstorm                Conj/Ice       #.......     98%         4    #####..
 Ice Form                 Ice/Tmut       #.......     98%         4    #####..
 Summon Ice Beast         Ice/Summ       #.......     98%         4    #####..
 Irradiate                Conj/Tmut      #.........   100%        5    ######.
 Lightning Bolt           Conj/Air       #.........   100%        5    ######.
 Metabolic Englaciation   Hex/Ice        #.........   100%        5    ######.
 Conjure Ball Lightning   Conj/Air       #.........   100%        6    #######
 Freezing Cloud           Conj/Ice/Air   #.........   100%        6    #######
 Ozocubu's Refrigeration  Ice            #.........   100%        6    #######
 Simulacrum               Ice/Necr       #.........   100%        6    #######
 Haunt                    Necr/Summ      #.........   100%        7    #######
 Spellforged Servitor     Conj/Summ      #.........   100%        7    #######
 Borgnjor's Revivificati  Necr           #.........   100%        8    #######
 Death's Door             Chrm/Necr      #.........   100%        8    #######
 Infestation              Necr           #.........   100%        8    #######
 Necromutation            Tmut/Necr      #.........   100%        8    #######
 Blink                    Tloc           Unusable     N/A         2    N/A

Dungeon Overview and Level Annotations

Branches:
Dungeon (11/15)            Temple (0/1) D:5            Lair (1/6) D:8
    Orc (0/2) D:10        Gauntlet (visited)

Altars:
Ashenzari
Cheibriados
Elyvilon
Fedhas
Gozag
Kikubaaqudgha
Makhleb
Nemelex Xobeh
Okawaru
Sif Muna
Trog
Xom
Yredelemnul
The Shining One

Shops:
D:6 **   D:7 !

Annotations:
D:6 3 runed translucent doors, bmj180's ghost, novice DrCj
D:10 2 transporters, DEFE's ghost, novice DsFi


Innate Abilities, Weirdness & Mutations

You cannot be hasted, slowed, berserked, paralysed or teleported.
You can dig through walls and to a lower floor.
Your four strong arms can wield two-handed weapons with a shield.
You have a pair of large antennae on your head. (SInv)


Message History

The bolt of magma hits you!
Found a scroll of enchant weapon.
Unknown command.
You hit the molten gargoyle but do no damage.
The molten gargoyle hits you with a +0 mace.
You are engulfed in flames!
Unknown command.
You hit the molten gargoyle but do no damage.
The molten gargoyle hits you with a +0 mace!
You are engulfed in flames!
You hit the molten gargoyle but do no damage.
The molten gargoyle blasts magma at you!
The bolt of magma hits you!!
* * * LOW HITPOINT WARNING * * *
You are too injured to fight recklessly!
You hit the molten gargoyle but do no damage.
The molten gargoyle blasts magma at you!
The bolt of magma hits you!!
You die...
Your body disappears without a glow.

....................
................§.§≈≈≈≈
..................≈§≈≈§≈
................§.≈≈≈≈≈≈
..................≈≈≈≈≈≈
..................≈≈§§§§
..................§≈≈§§§
......>.........9.≈≈§§§≈
................@......?
........................
.........§.......##..#P.
≈≈...≈≈§§≈§.............
≈≈...≈###≈..............
#≈...§##≈≈..............
#≈...≈≈#§≈..............
≈≈...≈§≈≈≈........P##..
≈≈...≈ b≈§.......### ##


You could see a molten gargoyle.

Vanquished Creatures
  An entropy weaver (D:11)
  A minotaur (Gauntlet)
  A fire dragon (D:11)
  A hydra (Lair:1)
  A ghost crab (Gauntlet)
  Erica (D:9)
  2 two-headed ogres
  A dancing weapon (D:11)
  A tengu warrior (D:11)
  2 unseen horrors (D:11)
  A deep elf mage (D:11)
  A cyclops (D:11)
  A manticore (D:11)
  Maurice (D:9)
  A black mamba (Lair:1)
  2 spiny frogs (Lair:1)
  2 efreet (D:11)
  A minotaur zombie (Gauntlet)
  2 trolls
  Grinder (D:3)
  2 hornets
  2 hippogriffs
  A tyrant leech (Gauntlet)
  Prince Ribbit (D:7)
  A shadow (D:11)
  A vampire (D:11)
  A spriggan (D:9)
  A yak (D:11)
  3 wraiths (D:11)
  3 wyverns
  A hungry ghost (D:9)
  A swamp worm (shapeshifter) (D:11)
  3 swamp worms (Gauntlet)
  4 water moccasins
  A warg (D:10)
  2 acid dragons (D:11)
  5 ice beasts
  5 sky beasts
  A porcupine (Lair:1)
  4 orc warriors
  5 black bears
  2 phantoms (D:11)
  6 ogres
  2 centaurs
  4 wolves (D:8)
  A tengu (shapeshifter) (D:11)
  An eye of draining (D:11)
  A crocodile (Lair:1)
  3 big kobolds
  A gnoll sergeant (D:11)
  6 bullfrogs
  9 scorpions
  5 wights (D:11)
  5 killer bees
  9 electric eels
  2 howler monkeys (D:9)
  7 crimson imps
  A centaur zombie (D:11)
  2 quasits
  2 bullfrog zombies
  A gnoll shaman (D:7)
  6 orc priests
  3 centaur skeletons
  8 hounds
  3 jellies
  3 bullfrog skeletons
  4 iguanas
  8 orc wizards
  8 worker ants
  2 hound zombies (D:5)
  15 gnolls
  A howler monkey zombie (D:11)
  6 adders
  2 shadow imps
  An ufetubus (D:11)
  3 oozes
  2 adder skeletons
  An adder zombie (D:6)
  5 dart slugs
  12 leopard geckos
  37 orcs
  7 giant cockroaches
  5 hobgoblins
  8 jackals
  2 quokkas
  8 bats
  4 frilled lizards
  5 goblins
  A jackal skeleton (D:4)
  15 kobolds
  A quokka zombie (D:4)
  6 rats
  A spectral orc (D:6)
336 creatures vanquished.

Vanquished Creatures (collateral kills)
  An orc warrior (D:10)
  An orc (D:10)
2 creatures vanquished.

Vanquished Creatures (others)
  An ogre (D:4)
  An orc wizard (D:11)
  A gnoll (D:4)
  A fungus (Lair:1)
  A plant (D:7)
  11 withered plants (Gauntlet)
16 creatures vanquished.

Grand Total: 354 creatures vanquished

Notes
Turn   | Place    | Note
-------+----------+-------------------------------------------
     0 | D:1      | floatRand the Formicid Fighter began the quest for the Orb.
     0 | D:1      | Reached XP level 1. HP: 18/18 MP: 1/1
    36 | D:1      | Reached XP level 2. HP: 24/24 MP: 2/2
    87 | D:1      | Reached skill level 1 in Stealth
   219 | D:1      | Reached XP level 3. HP: 28/29 MP: 3/3
   683 | D:1      | Reached skill level 3 in Axes
  1005 | D:2      | Reached XP level 4. HP: 25/35 MP: 4/4
  1162 | D:2      | Found a snail-covered altar of Cheibriados.
  1272 | D:2      | Found an opulent altar of Gozag.
  1274 | D:2      | Found a sparkling altar of Nemelex Xobeh.
  1287 | D:2      | Became a worshipper of Nemelex Xobeh the Trickster
  1314 | D:2      | Received a gift from Nemelex Xobeh
  1348 | D:2      | Reached XP level 5. HP: 3/41 MP: 5/5
  1348 | D:2      | Reached skill level 4 in Axes
  1769 | D:2      | Found a blossoming altar of Fedhas.
  2042 | D:3      | Noticed Grinder
  2060 | D:3      | Killed Grinder
  2060 | D:3      | Reached skill level 5 in Shields
  2060 | D:3      | Reached XP level 6. HP: 41/47 MP: 5/7
  2060 | D:3      | Reached XP level 7. HP: 45/52 MP: 5/8
  2128 | D:3      | Reached * piety under Nemelex Xobeh
  2516 | D:4      | Reached skill level 5 in Axes
  2644 | D:4      | Received a gift from Nemelex Xobeh
  3251 | D:4      | Reached ** piety under Nemelex Xobeh
  3572 | D:5      | Entered Level 5 of the Dungeon
  3572 | D:5      | Found an ancient bone altar of Kikubaaqudgha.
  3583 | D:5      | Reached XP level 8. HP: 48/58 MP: 10/10
  3824 | D:5      | Reached skill level 6 in Axes
  3853 | D:5      | Reached skill level 5 in Stealth
  3892 | D:5      | Found a staircase to the Ecumenical Temple.
  3893 | D:5      | Received a gift from Nemelex Xobeh
  4793 | D:6      | Found a runed translucent gate.
  4794 | D:6      | Found a runed translucent gate.
  4799 | D:6      | Found a runed translucent gate.
  4894 | D:6      | Noticed bmj180's ghost (novice DrCj)
  4932 | D:6      | Found Ydghewn's General Store.
  4953 | D:6      | Reached skill level 7 in Axes
  5059 | D:6      | Found Sit Fuat's Serpentskin Sales.
  5085 | D:6      | Reached XP level 9. HP: 35/64 MP: 12/12
  5099 | D:6      | HP: 4/96 [water moccasin (3)]
  5110 | D:6      | Reached skill level 5 in Invocations
  5506 | D:6      | Found a basalt altar of Yredelemnul.
  5579 | D:6      | Found a runed translucent door.
  5580 | D:6      | Noticed Crazy Yiuf
  5586 | D:6      | Noticed Crazy Yiuf
  5586 | D:6      | Crazy Yiuf changed into Crazy Yiuf the killer bee
  5589 | D:6      | Killed Crazy Yiuf the killer bee
  5593 | D:6      | Got a crystal mace
  5606 | D:6      | Identified the +6 mace of Valour {freeze, rPois} (You found
                  | it on level 6 of the Dungeon)
  5938 | D:7      | Found a shimmering blue altar of Sif Muna.
  6050 | D:7      | Found Qiomm's Distillery.
  6088 | D:7      | Bought a potion of degeneration for 11 gold pieces
  6150 | D:7      | Reached *** piety under Nemelex Xobeh
  6266 | D:7      | Found a shimmering altar of Xom.
  6266 | D:7      | Noticed Prince Ribbit
  6270 | D:7      | Reached skill level 8 in Axes
  6274 | D:7      | Found a burning altar of Makhleb.
  6438 | D:7      | Killed Prince Ribbit
  6714 | D:7      | Got a smoking hunting sling
  6920 | D:8      | Reached XP level 10. HP: 39/70 MP: 14/14
  7076 | D:8      | Received a gift from Nemelex Xobeh
  7125 | D:8      | Reached skill level 9 in Axes
  7237 | D:8      | Noticed a two-headed ogre
  7252 | D:8      | Killed a two-headed ogre
  7716 | D:8      | Found a staircase to the Lair.
  8075 | D:8      | Found a glowing golden altar of the Shining One.
  8076 | D:8      | Found a white marble altar of Elyvilon.
  8158 | D:6      | Bought the +0 pair of boots of Minor Irritation {Dex+4
                  | Slay+3} for 422 gold pieces
  8356 | D:9      | Reached **** piety under Nemelex Xobeh
  8363 | D:9      | Reached skill level 10 in Axes
  8509 | D:9      | Noticed Maurice
  8514 | D:9      | Killed Maurice
  8524 | D:9      | Got a translucent leather armour
  8527 | D:9      | Identified the +1 leather armour of Pathos {rPois Int+5
                  | Dex-3} (You found it on level 9 of the Dungeon)
  8542 | D:9      | Reached XP level 11. HP: 74/75 MP: 16/16
  8634 | D:9      | Found a bloodstained altar of Trog.
  8634 | D:9      | Noticed Erica
  8649 | D:9      | Killed Erica
  8936 | D:9      | Found a shattered altar of Ashenzari.
  8937 | D:9      | Received a gift from Nemelex Xobeh
  9137 | D:9      | Found an iron altar of Okawaru.
  9369 | D:10     | Entered Level 10 of the Dungeon
  9519 | D:10     | Noticed a skeletal warrior
  9533 | D:10     | Found a transporter.
  9533 | D:10     | Noticed DEFE's ghost (novice DsFi)
  9535 | D:10     | Found a transporter.
  9588 | D:10     | Noticed a death knight
  9684 | D:10     | Reached skill level 11 in Axes
  9924 | D:10     | Identified the +1 trident "Deotzig" {pierce, rPois rC+ MR-
                  | Dex+2}
  9951 | D:10     | Found a staircase to the Orcish Mines.
 10040 | D:10     | Reached skill level 10 in Shields
 10041 | D:10     | Received a gift from Nemelex Xobeh
 10258 | D:10     | Identified a scroll of acquirement
 10277 | D:10     | Reached ***** piety under Nemelex Xobeh
 10384 | D:11     | Reached skill level 10 in Stealth
 10406 | D:11     | Noticed a manticore
 10425 | D:11     | Killed a manticore
 10577 | D:11     | Noticed a two-headed ogre
 10581 | D:11     | Killed a two-headed ogre
 10614 | D:11     | Found a gate leading to a gauntlet.
 10620 | D:11     | Received a gift from Nemelex Xobeh
 10626 | Gauntlet | Entered a Gauntlet
 10626 | Gauntlet | Found a transporter.
 10629 | Gauntlet | Found a transporter.
 10630 | Gauntlet | Found a runed translucent door.
 10630 | Gauntlet | Noticed a death yak
 10630 | Gauntlet | Noticed a death yak
 10633 | Gauntlet | Found a transporter.
 10634 | Gauntlet | Found a transporter.
 10636 | Gauntlet | Found a transporter.
 10637 | Gauntlet | Found a transporter.
 10642 | Gauntlet | Noticed a ghost crab
 10646 | Gauntlet | Noticed a death yak
 10647 | Gauntlet | Found a transporter.
 10650 | Gauntlet | Noticed a reaper
 10658 | Gauntlet | Found a transporter.
 10673 | Gauntlet | Found a transporter.
 10680 | Gauntlet | Found a transporter.
 10682 | Gauntlet | Found a transporter.
 10682 | Gauntlet | Noticed a mana viper
 10682 | Gauntlet | Noticed a cyclops
 10682 | Gauntlet | a mana viper changed into a cyclops
 10689 | Gauntlet | Noticed a salamander
 10690 | Gauntlet | Found a transporter.
 10690 | Gauntlet | Noticed a glowing orange brain
 10690 | Gauntlet | a cyclops changed into a glowing orange brain
 10691 | Gauntlet | Noticed a swamp dragon
 10691 | Gauntlet | a glowing orange brain changed into a swamp dragon
 10693 | Gauntlet | a swamp dragon changed into an eye of devastation
 10695 | Gauntlet | Noticed a wolf spider
 10695 | Gauntlet | a slime creature changed into a wolf spider
 10697 | Gauntlet | Noticed an ettin
 10697 | Gauntlet | a wolf spider changed into an ettin
 10701 | Gauntlet | Noticed a great orb of eyes
 10701 | Gauntlet | an ettin changed into a great orb of eyes
 10716 | Gauntlet | Killed a ghost crab
 10813 | Gauntlet | Noticed a faun
 10814 | Gauntlet | Noticed a swamp dragon
 10814 | Gauntlet | a wind drake changed into a swamp dragon
 10815 | Gauntlet | a swamp dragon changed into a dream sheep
 10816 | Gauntlet | Got a brightly glowing hat
 10986 | Gauntlet | Got a bound ivory amulet
 11100 | Gauntlet | Identified the amulet of the Serpent {+Rage MR+}
 11100 | Gauntlet | Noticed a minotaur
 11103 | Gauntlet | Killed a minotaur
 11103 | Gauntlet | Reached XP level 12. HP: 73/81 MP: 17/19
 11405 | Gauntlet | Identified the amulet "Qasowk" {Acrobat Str+6 Int+3} (You
                  | found it in a Gauntlet)
 11496 | D:11     | Identified the ring "Ymiup" {rPois Str-2 Int+8 Dex-5
                  | Stlth+}
 11500 | D:11     | Noticed a fire dragon
 11534 | D:11     | Noticed an unseen horror
 11535 | D:11     | Killed an unseen horror
 11535 | D:11     | Reached skill level 12 in Axes
 11537 | D:11     | Killed a fire dragon
 11703 | D:11     | Noticed an unseen horror
 11713 | D:11     | Killed an unseen horror
 11713 | D:11     | Reached skill level 10 in Invocations
 11778 | D:11     | Noticed a +0 war axe of chopping
 12107 | D:11     | Noticed a catoblepas
 12127 | D:11     | Received a gift from Nemelex Xobeh
 12147 | D:11     | Noticed an entropy weaver
 12147 | D:11     | a catoblepas changed into an entropy weaver
 12154 | D:11     | Killed an entropy weaver
 12469 | D:11     | Identified the Almanac of Excruciating Self-Improvement
 12561 | D:11     | Killed a +0 war axe of chopping
 12561 | D:11     | Reached skill level 13 in Axes
 12561 | D:11     | Reached XP level 13. HP: 57/86 MP: 20/20
 12682 | D:11     | Identified the Tome of the Unstable Birds
 13472 | Lair:1   | Entered Level 1 of the Lair of Beasts
 13486 | Lair:1   | Received a gift from Nemelex Xobeh
 13568 | Lair:1   | Noticed an eight-headed hydra
 13581 | Lair:1   | Killed an eight-headed hydra
 13675 | Lair:1   | Reached skill level 1 in Dodging
 14070 | Lair:1   | Killed from afar by a molten gargoyle

Levels and vault maps discovered:
D:1:      dpeg_arrival_orchard, layout_basic,
          wander_ebering_terrifying_dragon_lair
D:2:      layout_rooms, grunt_temple_overflow_opulence, kennysheep_slug_shrine,
          fedhas_altar_3, first_ration, kennysheep_generic_room_11
D:3:      layout_basic, uniq_grinder
D:4:      layout_cave_pods, minmay_pentomino_pile
D:5:      layout_rooms, lemuel_crystal_altar, minmay_temple_entry_junction_2,
          serial_bayou_lagoon_a
D:6:      layout_loops_cross, nicolae_overflow_hidden_temple,
          yredelemnul_forgotten_temple_becter, serial_shops,
          nicolae_shop_statue_plus, gammafunk_ghost_necromancy,
          nrook_loot_triangle, guppyfry_shop_venom, uniq_crazy_yiuf_cottage
D:7:      cheibrodos_two_vegetables, layout_basic,
          grunt_temple_overflow_champion_of_chaos, lemuel_crystal_altar,
          serial_shops, nicolae_shop_window_shopping, uniq_prince_ribbit1
D:8:      layout_loops_ring, gammafunk_temple_overflow_pools, erik_lair_island
D:9:      layout_loops_cross, okawaru_gym_becter, basic_altar, grunt_pizzeria,
          grunt_ministairs_15, trog_butcher_becter, uniq_erica, uniq_maurice
D:10:     layout_long_grid, erik_orc_4, gammafunk_ghost_mausoleum
D:11:     minmay_the_grid_square_5x5_5x5 [minmay_the_grid_square_5x5_bridge,
          minmay_the_grid_square_5x5_minibox,
          minmay_the_grid_square_5x5_misaligned,
          minmay_the_grid_square_5x5_gyroscope,
          minmay_the_grid_square_5x5_inverted_slash,
          minmay_the_grid_square_5x5_hollow_slash,
          minmay_the_grid_square_5x5_prize_deathbox,
          minmay_the_grid_square_5x5_doubleslash,
          minmay_the_grid_square_5x5_prize_waves,
          minmay_the_grid_square_5x5_lines, minmay_the_grid_square_5x5_longway,
          minmay_the_grid_square_5x5_inner_v,
          minmay_the_grid_square_5x5_prize_open,
          minmay_the_grid_square_5x5_detours,
          minmay_the_grid_square_5x5_three_walls,
          minmay_the_grid_square_5x5_fancy_junction,
          minmay_the_grid_square_5x5_prize_snowflake,
          minmay_the_grid_square_5x5_mess,
          minmay_the_grid_square_5x5_prize_monsterx,
          minmay_the_grid_square_5x5_c, minmay_the_grid_square_5x5_v,
          minmay_the_grid_square_5x5_comb,
          minmay_the_grid_square_5x5_two_walls_a,
          minmay_the_grid_square_5x5_almost_minimal,
          minmay_the_grid_square_5x5_meh], layout_loops_ring,
          gauntlet_entry_generic, bh_walls_and_bars
Lair:1:   layout_gridlike

Skill      XL: |  1  2  3  4  5  6  7  8  9 10 11 12 13 |
---------------+----------------------------------------+-----
Stealth        | 1 2 3 4 6 7 9 10 11 12 | 12.2
Shields        | 4 5 6 8 9 10 11 | 11.8
Axes           | 3 4 5 7 8 10 11 13 | 13.5
Invocations    | 2 3 4 6 7 9 10 11 | 11.1
Dodging        | 1 |  1.1
Fighting       | |  3.6
Armour         | |  3.6

Action                   |  1- 3 |  4- 6 |  7- 9 | 10-12 | 13-15 || total
-------------------------+-------+-------+-------+-------+-------++-------
Melee: War axe           |    64 |    87 |   120 |       |       ||   271
       Mace              |       |       |   296 |   567 |   122 ||   985
 Abil: Draw Destruction  |       |       |    15 |    27 |     4 ||    46
       Draw Summoning    |       |       |       |     3 |       ||     3
  Use: Potion            |       |     1 |     2 |     3 |       ||     6
       Scroll            |       |       |     7 |    18 |       ||    25
 Stab: Sleeping          |       |       |     2 |     4 |     1 ||     7
       Distracted        |       |       |     1 |     2 |     1 ||     4
       Petrified         |       |       |       |     8 |       ||     8
       Petrifying        |       |       |       |     2 |       ||     2
  Eat: Chunk             |       |     4 |    11 |    19 |     3 ||    37
       Ration            |       |       |     1 |     1 |       ||     2
Armor: Scale mail        |    26 |    36 |   156 |    43 |       ||   261
       Skin              |       |       |    22 |       |       ||    22
       Chain mail        |       |       |       |   190 |       ||   190
       Acid dragon scale |       |       |       |       |    36 ||    36
Dodge: Dodged            |    19 |    30 |   150 |   128 |    41 ||   368
       Deflected         |       |       |       |     5 |       ||     5
Block: Shield            |    40 |    63 |   237 |   355 |    77 ||   772

Table legend:
 A = Non-vault XP
 B = Vault XP
 C = Vault XP percentage of total XP
 D = Non-vault monster count
 E = Vault monster count
 F = Vault count percentage of total count
                 A         B        C        D         E       F
            +---------+---------+-------+---------+---------+-------
      Total |   12269 |   20969 |  63.1 |     228 |     113 |  33.1
            +---------+---------+-------+---------+---------+-------
        D:1 |      46 |       3 |   6.1 |      17 |       1 |   5.6
        D:2 |     156 |       6 |   3.7 |      20 |       2 |   9.1
        D:3 |      62 |     300 |  82.9 |      22 |       1 |   4.3
        D:4 |     399 |      16 |   3.9 |      29 |       2 |   6.5
        D:5 |     689 |       0 |   0.0 |      20 |       0 |   0.0
        D:6 |     326 |     365 |  52.8 |      10 |       5 |  33.3
        D:7 |     579 |     838 |  59.1 |      12 |      10 |  45.5
        D:8 |    2412 |     921 |  27.6 |      17 |       8 |  32.0
        D:9 |     840 |    1880 |  69.1 |      25 |       8 |  24.2
       D:10 |    1101 |     497 |  31.1 |      11 |      17 |  60.7
       D:11 |    2928 |   13062 |  81.7 |      38 |      52 |  57.8
     Lair:1 |    2731 |       0 |   0.0 |       7 |       0 |   0.0
   Gauntlet |       0 |    3081 | 100.0 |       0 |       7 | 100.0
            +---------+---------+-------+---------+---------+-------
